 Dungeon Crawl Stone Soup version 0.27-a0-1555-g0e7b3fb1d2 (webtiles) character file.

Game seed: 5779285989605498976

371 Tocho the Firebug (level 6, -2/69 HPs)
             Began as a Draconian Fire Elementalist on July 14, 2021.
             Succumbed to a kobold brigand's poison
             ... on level 3 of the Dungeon.
             The game lasted 00:07:28 (3903 turns).

Tocho the Firebug (Draconian Fire Elementalist)     Turns: 3903, Time: 00:07:29

Health: -2/69      AC: 23    Str: 10 (12) XL:     6   Next: 42%
Magic:  3/10       EV:  2    Int: 13 (16) God:
Gold:   68         SH:  0    Dex: 10 (11) Spells: 10/11 levels left

rFire    . . .     SeeInvis .   q - +0 falchion
rCold    . . .     Faith    .   (no shield)
rNeg     + + +     Spirit   .   (armour unavailable)
rPois    +         Reflect  .   (helmet currently unavailable)
rElec    .         Harm     .   (cloak currently unavailable)
rCorr    .         Rampage  .   (gloves currently unavailable)
Will     .....     NoTele   +   (boots currently unavailable)
Stlth    ++........             (no amulet)
HPRegen  0.21/turn              (no ring)
MPRegen  0.12/turn              (no ring)

@: lethally poisoned (-2 -> -27), tree-form, very slightly contaminated, hasted,
invisible, very quick
A: stationary, stasis, torment immunity, boosted hp, AC +6, unfitting armour,
(cold-blooded)
a: no special abilities


You were on level 3 of the Dungeon.
You were a tree.
You visited 1 branch of the dungeon, and saw 3 of its levels.

You collected 68 gold pieces.

Inventory:

Hand Weapons
 d - a +0 dagger
 k - a +0 short sword
 q - a +0 falchion (weapon)
Armour
 m - a +0 pair of gloves (melded)
Scrolls
 b - a scroll of noise {unknown}
 c - 2 scrolls of fear {unknown}
 e - a scroll of magic mapping {unknown}
 f - 2 scrolls of enchant weapon {unknown}
 g - a scroll of blinking {unknown}
 i - a scroll of silence {unknown}
 l - a scroll of identify {unknown}
 p - a scroll of teleportation {unknown}
Potions
 a - a potion of degeneration


   Skills:
 + Level 0.5 Fighting
 - Level 1.5(1.8) Short Blades
 * Level 1.3(1.7) Long Blades
 * Level 2.6 Dodging
 + Level 2.1 Stealth
 + Level 3.2 Spellcasting
 + Level 3.2 Conjurations
 * Level 4.4 Fire Magic


You had 10 spell levels left.
You knew the following spells:

 Your Spells              Type           Power      Damage    Failure   Level
a - Foxfire               Conj/Fire      48%        2x1d6     4%          1

Your spell library contained the following spells:

 Spells                   Type           Power      Damage    Failure   Level
 Conjure Flame            Conj/Fire      12%        6-21      14%         3
 Inner Flame              Hex/Fire       7%         N/A       26%         3
 Sublimation of Blood     Necr           1%         N/A       34%         2
 Sticky Flame             Conj/Fire      12%        2d4       41%         4
 Fireball                 Conj/Fire      6%         3d5       77%         5
 Petrify                  Tmut/Erth      2%         N/A       92%         4
 Irradiate                Conj/Tmut      3%         3d14      97%         5


Dungeon Overview and Level Annotations

Branches:
Dungeon (3/15)

Altars:

Shops:
D:2 (


Innate Abilities, Weirdness & Mutations

You are a tree.
Your roots penetrate the ground, keeping you stationary.
You cannot be teleported.
You are immune to unholy pain and torment.
Your maximum health is greatly increased.
Your equipment is partially melded.
((Your plain brown scales are hard. (AC +6)))
You cannot fit into any form of body armour.
((You are cold-blooded and may be slowed by cold attacks.))


Message History

The kobold brigand is lightly wounded.
The kobold brigand hits you with a +0 dagger.
* * * LOW HITPOINT WARNING * * *
You closely miss the kobold brigand.
The kobold brigand is lightly wounded.
The kobold brigand hits you with a +0 dagger.
* * * LOW HITPOINT WARNING * * *
You feel yourself speed up.
The kobold brigand hits you but does no damage.
You see here a bat corpse.
There is a stone staircase leading down here.
The kobold brigand throws a poisoned dart.
The poisoned dart hits you!
You are lethally poisoned!
It was a potion of degeneration.
There was something very wrong with that liquid.
You feel weakened.
You feel dopey.
You feel clumsy.
* * * LOW HITPOINT WARNING * * *
You feel sick. Why would you want to do that?
It was a potion of invisibility.
You fade into invisibility!
* * * LOW HITPOINT WARNING * * *
You feel sick.
The kobold brigand throws a poisoned dart.
The poisoned dart hits you!
You are more poisoned.
You are very lightly contaminated with residual magic.
It was a potion of flight.
You feel very buoyant.
You fly up into the air.
* * * LOW HITPOINT WARNING * * *
You feel very sick.
The kobold brigand throws a poisoned dart.
The poisoned dart hits you!
You are more poisoned.
It was a potion of lignification.
You turn into a tree.
Your +0 pair of gloves melds into your body.
Your roots penetrate the ground.
You die...

#'###≈≈P...#......#
#...#≈≈....#......#########
#.g.#≈≈....#.[....##....(.#
#####≈≈....#......##...>..#
≈≈≈≈≈≈≈....#.....[##......#
≈≈†≈≈≈≈....####.####......####
.)..o......####............†.##
########.........###.>....##..#
#)#######♣# #......##..##
###.#######.###.#########.#
#....##...#.##..# ##.§##
#....##...#.##.## #.###
#....##...K....# ##..##
#....##..†..#### ###.#
#....))..#..# ##..##
#....##.....# #.###
####....###.##).... ##..##


You could see a kobold brigand.

Vanquished Creatures
  2 howler monkeys (D:3)
  2 hounds (D:3)
  Natasha (thrice) (D:2)
  6 gnolls
  3 adders (D:2)
  2 worms (D:2)
  2 dart slugs (D:1)
  5 orcs (D:3)
  2 bats
  5 endoplasms
  2 giant cockroaches (D:1)
  5 goblins
  5 hobgoblins
  9 jackals (D:3)
  3 ball pythons (D:1)
  5 frilled lizards
  6 kobolds
  3 rats
70 creatures vanquished.

Vanquished Creatures (collateral kills)
  A foxfire (D:3)
1 creature vanquished.

Vanquished Creatures (others)
  289 foxfires
  A fungus (D:3)
  3 plants (D:3)
293 creatures vanquished.

Grand Total: 364 creatures vanquished

Notes
Turn   | Place    | Note
-------+----------+-------------------------------------------
     0 | D:1      | Tocho the Draconian Fire Elementalist began the quest for
                  | the Orb.
     0 | D:1      | Reached XP level 1. HP: 14/14 MP: 3/3
   383 | D:1      | Reached XP level 2. HP: 20/20 MP: 0/5
   801 | D:1      | Reached XP level 3. HP: 21/26 MP: 3/6
  2145 | D:2      | Found Xuolliqa's Weapon Shop.
  2223 | D:2      | Reached XP level 4. HP: 29/33 MP: 0/7
  2577 | D:2      | Noticed Natasha
  2594 | D:2      | Killed Natasha
  2656 | D:2      | Reached skill level 1 in Short Blades
  2812 | D:2      | Noticed Natasha
  2819 | D:2      | Killed Natasha
  2820 | D:2      | Reached skill level 4 in Fire Magic
  2935 | D:2      | Noticed Natasha
  2940 | D:2      | Killed Natasha
  2941 | D:2      | Reached XP level 5. HP: 36/38 MP: 3/9
  3394 | D:3      | Reached XP level 6. HP: 37/46 MP: 2/10
  3650 | D:3      | Reached skill level 1 in Long Blades
  3902 | D:3      | HP: 1/46 [poisoned by a kobold brigand]
  3903 | D:3      | Succumbed to a kobold brigand's poison

Illustrated notes

Levels and vault maps discovered:
D:1:      shiori_shiawase, layout_loops_ring
D:2:      layout_basic, serial_shops, shop, uniq_natasha
D:3:      lemuel_castle_with_subvaults [lemuel_castle_interior_original],
          layout_rooms, shapermc_ecumenical_altar_acropolis,
          grunt_decor_resistance, kennysheep_path_1,
          chequers_serial_rivers_large_a, uniq_grinder

Skill      XL: |  1  2  3  4  5  6 |
---------------+-------------------+-----
Dodging        | 2 |  2.6
Stealth        | 2 |  2.1
Short Blades   | 1 |  1.5
Fire Magic     | 4 |  4.4
Conjurations   | 2 3 |  3.2
Spellcasting   | 3 |  3.2
Long Blades    | 1 |  1.3
Fighting       | |  0.5

Action                   |  1- 3 |  4- 6 || total
-------------------------+-------+-------++-------
Melee: Unarmed           |    10 |       ||    10
       Tailslap          |     3 |    12 ||    15
       Dagger            |    48 |       ||    48
       Short sword       |     2 |    13 ||    15
       Falchion          |       |    57 ||    57
 Cast: Foxfire           |    80 |    94 ||   174
  Use: Potion            |       |     5 ||     5
 Stab: Sleeping          |     2 |       ||     2
Armor: Skin              |    18 |    37 ||    55
Dodge: Dodged            |    38 |    48 ||    86
       Rpst.: Falchion   |       |    13 ||    13

Table legend: (Time is in decaauts)
 A = Elapsed time spent in this place.
 B = Non-inter-level travel time spent in this place.
 C = Inter-level travel time spent in this place.
 D = Time resting spent in this place.
 E = Time spent auto-exploring this place.
 F = Levels seen in this place.
 G = Mean time per level.
                   A        B        C        D        E       F      G
               +--------+--------+--------+--------+--------+-----+--------+
         Total |   3929 |   3615 |    314 |    244 |   2766 |   3 | 1309.7 |
       Dungeon |   3929 |   3615 |    314 |    244 |   2766 |   3 | 1309.7 |
               +--------+--------+--------+--------+--------+-----+--------+

Top non-repeatable levels by time:
     D:2: 1792 daAuts
     D:1: 1243 daAuts
     D:3: 893 daAuts
